 Dungeon Crawl Stone Soup version 0.29-a0-323-g050149af67 (webtiles) character file.

Game seed: 9483461158655635607

4 spaghetti the Sneak (level 1, -1/17 HPs)
             Began as a Demigod Brigand on Apr 10, 2022.
             Slain by a jackal (3 damage)
             ... on level 1 of the Dungeon.
             The game lasted 00:00:26 (310 turns).

spaghetti the Sneak (Demigod Brigand)                Turns: 310, Time: 00:00:26

Health: -1/17      AC:  3    Str: 12    XL:     1   Next: 46%
Magic:  3/3        EV: 11    Int: 13    God:
Gold:   10         SH:  0    Dex: 15    Spells: 0/0 levels left

rFire   . . .      SeeInvis .   a - +2 dagger {short}
rCold   . . .      Faith    .   (no shield)
rNeg    . . .      Spirit   .   b - +0 robe
rPois   .          Reflect  .   (no helmet)
rElec   .          Harm     .   c - +0 cloak
rCorr   .          Rampage  .   (no gloves)
Will    .....                   (no boots)
Stlth   ++........              (no amulet)
HPRegen 0.05/turn               (no ring)
MPRegen 0.08/turn               (no ring)

@: no status effects
A: high MP 1, forlorn, divine attributes
a: no special abilities


You were on level 1 of the Dungeon.
You visited 1 branch of the dungeon, and saw 1 of its levels.

You collected 10 gold pieces.


Innate Abilities, Weirdness & Mutations

You have an increased reservoir of magic. (+10% MP)
You shall have no god before yourself.
Your divine heritage dramatically boosts your attributes as you level up.


   Skills:
 - Level 1.7 Fighting
 - Level 1.7 Short Blades
 + Level 2.2 Throwing
 - Level 0.8 Dodging
 - Level 3.6 Stealth


You couldn't memorise any spells.
You didn't know any spells.
Your spell library was empty.

Inventory:

Hand Weapons
 a - a +2 dagger (weapon) {short}
Missiles
 d - 9 poisoned darts (quivered) {throwing}
 e - 3 curare-tipped darts {=fthrowing}
Armour
 b - a +0 robe (worn)
 c - a +0 cloak (worn)
Potions
 f - a potion of resistance {unknown}
 g - a potion of curing {unknown}
 h - a potion of heal wounds {unknown}

Dungeon Overview and Level Annotations

Branches:
Dungeon (1/15)

#.# #.....##.# #.....##.#
#.....##.# #.....##.#
###.....##.####.##
........+.h.......
#######.##.....##h####.###
.......>........@h........
##.....######'###.####.###
.......# #...##.# #......#
#...##.#
.......#####....#.##
.#..................
.#..............#.##
.#..............#.#
.#...#..........# #


You could see 3 jackals.


Message History

You take 1 damage, and now have 16/17 hp.
You are too injured to fight recklessly!
You are too injured to fight recklessly!
You are too injured to fight recklessly!
You are too injured to fight recklessly!
You are too injured to fight recklessly!
You are too injured to fight recklessly!
You are too injured to fight recklessly!
You are too injured to fight recklessly!
A hobgoblin is nearby!
A hobgoblin is nearby!
You hit the hobgoblin. The hobgoblin hits you. 😕 HP[-2]
You take 2 damage, and now have 14/17 hp.
You hit the hobgoblin but do no damage. The hobgoblin barely misses you.
A hobgoblin is nearby!
You hit the hobgoblin but do no damage. The hobgoblin hits you. 😕 HP[-1]
You take 1 damage, and now have 13/17 hp.
You hit the hobgoblin. The hobgoblin closely misses you.
You barely miss the hobgoblin. The hobgoblin hits you. 😮 HP[-4]
You take 4 damage, and now have 9/17 hp.
MASSIVE DAMAGE!! (PAUSE)
You hit the hobgoblin.
You kill the hobgoblin!
You start resting. 😎 HP[+8]
Your hp is fully restored (17).
h - a coppery potion You open the door.
An endoplasm comes into view.
There is an open door here.
An endoplasm is nearby!
An endoplasm is nearby!
An endoplasm is nearby!
A jackal comes into view.
The jackal barks!
You hear a bark!
A jackal comes into view.
The endoplasm quivers.
You completely miss the endoplasm.
The jackal barks!
You hear a bark!
A jackal comes into view.
The endoplasm freezes you.
You are frozen.
You are too injured to fight recklessly! 😕 HP[-3]
You take 3 damage, and now have 14/17 hp.
You are too injured to fight recklessly!
You are too injured to fight recklessly!
You are too injured to fight recklessly!
You are too injured to fight recklessly!
You are too injured to fight recklessly!
You are too injured to fight recklessly!
You are too injured to fight recklessly!
There are monsters nearby!
Unknown command.
The jackal barks!
You hit the endoplasm. You hit the endoplasm.
You kill the endoplasm!
A jackal comes into view. 😕 HP[+1]
The jackal misses you. The jackal bites you. 😕 HP[-1]
You take 1 damage, and now have 14/17 hp.
You hit the jackal. The jackal barely misses you.
The jackal bites you but does no damage.
The jackal attacks as you move away! The jackal bites you.
The jackal attacks as you move away! The jackal closely misses you. 😕 HP[-1]
You take 1 damage, and now have 13/17 hp.
You hit the jackal. You hit the jackal. The jackal bites you. 😮 HP[-1]
You take 1 damage, and now have 12/17 hp.
You hit the jackal.
The jackal bites you but does no damage. x2
Unknown command.
You closely miss the jackal. The jackal bites you.
The jackal misses you. 😮 HP[-1]
You take 1 damage, and now have 11/17 hp.
You hit the jackal.
The jackal bites you but does no damage.
The jackal bites you.
The jackal bites you but does no damage.
The jackal bites you.
* * * LOW HITPOINT WARNING * * *
😨 HP[-4]
You take 4 damage, and now have 7/17 hp.
MASSIVE DAMAGE!! (PAUSE)
You barely miss the jackal. The jackal bites you.
* * * LOW HITPOINT WARNING * * *
The jackal bites you.
* * * LOW HITPOINT WARNING * * *
😱 HP[-5]
You take 5 damage, and now have 2/17 hp.
MASSIVE DAMAGE!! (PAUSE)
The jackal attacks as you move away! The jackal bites you.
You die...

Skill      XL: |  1 |
---------------+----+-----
Throwing       | 2 |  2.2
Fighting       | |  1.7
Short Blades   | |  1.7
Dodging        | |  0.8
Stealth        | |  3.6

Action                   || total
-------------------------++-------
Melee: Dagger            ||    19
 Stab: Sleeping          ||     1
Armor: Robe              ||     5
Dodge: Dodged            ||     6

Levels and vault maps discovered:
D:1:      giann_bridges, layout_basic

Notes
Turn   | Place    | Note
-------+----------+-------------------------------------------
     0 | D:1      | spaghetti the Demigod Brigand began the quest for the Orb.
     0 | D:1      | Reached XP level 1. HP: 17/17 MP: 3/3
     0 | D:1      | magus.rc [v1.9.6]
    73 | D:1      | Reached skill level 2 in Throwing
   309 | D:1      | HP: 2/17 [jackal (3)]
   310 | D:1      | Slain by a jackal

Vanquished Creatures
  2 endoplasms (D:1)
  A hobgoblin (D:1)
  A bat (D:1)
4 creatures vanquished.

Table legend:
 A = Non-vault XP
 B = Vault XP
 C = Vault XP percentage of total XP
 D = Non-vault monster count
 E = Vault monster count
 F = Vault count percentage of total count
                 A         B        C        D         E       F
            +---------+---------+-------+---------+---------+-------
      Total |       7 |       0 |   0.0 |       4 |       0 |   0.0
            +---------+---------+-------+---------+---------+-------
        D:1 |       7 |       0 |   0.0 |       4 |       0 |   0.0
            +---------+---------+-------+---------+---------+-------

Illustrated notes

Table legend:
 A = Kills in this place as a percentage of kills in entire the game.
 B = Kills by you in this place as a percentage of kills by you in the entire game.
 C = Kills by friends in this place as a percentage of kills by friends in the entire game.
 D = Other kills in this place as a percentage of other kills in the entire game.
 E = Experience gained in this place as a percentage of experience gained in the entire game.
 F = Experience gained in this place divided by the number of levels of this place that you have seen.
                   A       B       C       D       E      F
               +-------+-------+-------+-------+-------+----------------------
         Total | 100.0 | 100.0 |   N/A |   N/A | 100.0 |   7.0
       Dungeon | 100.0 | 100.0 |   N/A |   N/A | 100.0 |   7.0
               +-------+-------+-------+-------+-------+----------------------

Table legend: (Time is in decaauts)
 A = Elapsed time spent in this place.
 B = Non-inter-level travel time spent in this place.
 C = Inter-level travel time spent in this place.
 D = Time resting spent in this place.
 E = Time spent auto-exploring this place.
 F = Levels seen in this place.
 G = Mean time per level.
                   A        B        C        D        E       F      G
               +--------+--------+--------+--------+--------+-----+--------+
         Total |    308 |    308 |      0 |    147 |    118 |   1 |  308.0 |
       Dungeon |    308 |    308 |      0 |    147 |    118 |   1 |  308.0 |
               +--------+--------+--------+--------+--------+-----+--------+

Top non-repeatable levels by time:
     D:1: 308 daAuts
